 Dungeon Crawl Stone Soup version 0.25.1-8-g42b30a86e7 (webtiles) character file.

Game seed: 11431725461536940295

172 hehateme the Skirmisher (level 5, 0/52 HPs)
             Began as a Kobold Fighter on Dec 5, 2020.
             Slain by a crimson imp
             ... wielding a +0 dagger of chaos
              (16 damage)
             ... on level 2 of the Dungeon.
             The game lasted 00:08:25 (3860 turns).

hehateme the Skirmisher (Kobold Fighter)            Turns: 3860, Time: 00:08:25

Health: 0/52       AC: 22    Str: 14    XL:     5   Next: 82%
Magic:  5/5        EV:  3    Int:  9    God:
Gold:   63         SH:  8    Dex: 15    Spells: 4/4 levels left

rFire    . . .     SeeInvis .   a - +0 war axe
rCold    . . .     Gourm    .   c - +0 kite shield
rNeg     + + +     Faith    .   (armour currently unavailable)
rPois    +         Spirit   .   (helmet currently unavailable)
rElec    .         Reflect  .   (cloak currently unavailable)
rCorr    .         Harm     .   (gloves currently unavailable)
MR       .....     NoTele   +   (boots currently unavailable)
Stlth    +.........             (no amulet)
HPRegen  0.17/turn              (no ring)
MPRegen  0.09/turn              (no ring)

@: tree-form, berserk cooldown, hasted and slowed, drained
A: small, carnivore
a: no special abilities


You were on level 2 of the Dungeon.
You were very full.
You were a tree.
You visited 1 branch of the dungeon, and saw 3 of its levels.

You collected 63 gold pieces.

Inventory:

Hand Weapons
 a - a +0 war axe (weapon)
Missiles
 k - 2 poisoned darts (quivered)
 q - 37 sling bullets
 Q - 53 stones
Armour
 b - a +0 scale mail (melded)
 c - a +0 kite shield (worn)
 i - a +1 helmet (melded)
Jewellery
 p - a cursed ring of attention {unknown}
 r - a cursed amulet of reflection {unknown}
Scrolls
 f - a scroll of identify {unknown}
 g - 2 scrolls of immolation {unknown}
 h - 2 scrolls of blinking {unknown}
 j - a scroll of enchant armour {unknown}
 n - 2 scrolls of fear {unknown}
Potions
 d - a potion of might
 l - a potion of lignification {!q}
Comestibles
 e - 4 rations


   Skills:
 + Level 5.2(4.5) Fighting
 + Level 3.4(2.7) Axes
 - Level 2.4(1.7) Armour
 - Level 2.4(1.7) Shields


You had 4 spell levels left.
You didn't know any spells.
Your spell library was empty.

Dungeon Overview and Level Annotations

Branches:
Dungeon (3/15)

Altars:
Kikubaaqudgha


Innate Abilities, Weirdness & Mutations

You are small and have problems with some larger weapons.
You are carnivorous and can eat meat at any time.


Message History

a fizzy brown potion; a wand of paralysis (2); a +0 mace; an orc corpse You take 1 damage, and have 4/35 hp.
Okay, then.
Quiver which item? (- for none, * to show all) (? for menu, Esc to quit)
Okay, then.
It was a potion of lignification.
You turn into a tree.
Your +1 helmet melds into your body.
Your +0 scale mail melds into your body.
Your roots penetrate the ground.
You now have 6/52 hp.
m - a fizzy brown potion You feel sick.
You take 1 damage, and have 5/52 hp.
It was a potion of curing.
You feel better.
You regained 10 hp, and now have 15/52 hp.
The crimson imp blinks!
Your shield prevents you from hitting the crimson imp.
The crimson imp hits you but does no damage.
You are electrocuted!
You die...

#...#####.#...........#
#...##....##.#......#.#
####...>.....#..#......#.#
#.........<....##......#..
#.........#..............#
#.........#..............#
#.........#..............#
#........5##.............#
#######..♣................
###>.....##'#.......
######§.....##.#.......
#......................
#......................
#......................
#......................
####....#.................
#......................##.

Skill      XL: |  1  2  3  4  5 |
---------------+----------------+-----
Axes           | 2 3 |  3.4
Fighting       | 4 5 |  5.2
Armour         | |  2.4
Shields        | |  2.4

Notes
Turn   | Place    | Note
-------+----------+-------------------------------------------
     0 | D:1      | hehateme the Kobold Fighter began the quest for the Orb.
     0 | D:1      | Reached XP level 1. HP: 14/14 MP: 1/1
   152 | D:1      | Reached XP level 2. HP: 19/19 MP: 2/2
   155 | D:1      | Reached skill level 2 in Axes
   598 | D:1      | Reached XP level 3. HP: 24/24 MP: 3/3
   642 | D:1      | Reached skill level 4 in Fighting
  1004 | D:2      | Reached XP level 4. HP: 25/29 MP: 4/4
  1564 | D:2      | Reached XP level 5. HP: 34/34 MP: 5/5
  1579 | D:2      | Reached skill level 3 in Axes
  2069 | D:2      | Found an ancient bone altar of Kikubaaqudgha.
  2277 | D:3      | Noticed an ogre
  2471 | D:3      | Reached skill level 5 in Fighting
  2967 | D:3      | Noticed an ogre
  3157 | D:3      | Paralysed by a crimson imp for 4 turns
  3177 | D:2      | HP: 8/35 [poisoned by a crimson imp]
  3184 | D:2      | HP: 7/35 [poisoned by a crimson imp]
  3192 | D:2      | HP: 6/35 [poisoned by a crimson imp]
  3657 | D:3      | Paralysed by an orc for 6 turns
  3845 | D:2      | HP: 8/35 [poisoned by a crimson imp]
  3850 | D:2      | HP: 8/52 [poisoned by a crimson imp]
  3856 | D:2      | HP: 5/52 [poisoned by a crimson imp]
  3860 | D:2      | Slain by a crimson imp

Table legend:
 A = Turns spent in this place as a percentage of turns spent in the entire game.
 B = Non-inter-level travel turns spent in this place as a percentage of non-inter-level travel turns spent in the entire game.
 C = Inter-level travel turns spent in this place as a percentage of turns spent in this place.
 D = Turns resting spent in this place as a percentage of non-inter-level travel turns spent in this place.
 E = Turns spent auto-exploring this place as a percentage of non-inter-level travel turns spent in this place.
 F = Non-inter-level travel turns spent in this place divided by the number of levels of this place that you've seen.
                   A       B       C       D       E      F
               +-------+-------+-------+-------+-------+----------------------
         Total | 100.0 | 100.0 |   5.4 |  36.2 |  45.1 | 1216.7
       Dungeon | 100.0 | 100.0 |   5.4 |  36.2 |  45.1 | 1216.7
               +-------+-------+-------+-------+-------+----------------------

Table legend:
 A = Kills in this place as a percentage of kills in entire the game.
 B = Kills by you in this place as a percentage of kills by you in the entire game.
 C = Kills by friends in this place as a percentage of kills by friends in the entire game.
 D = Other kills in this place as a percentage of other kills in the entire game.
 E = Experience gained in this place as a percentage of experience gained in the entire game.
 F = Experience gained in this place divided by the number of levels of this place that you have seen.
                   A       B       C       D       E      F
               +-------+-------+-------+-------+-------+----------------------
         Total | 100.0 | 100.0 |   N/A |   N/A | 100.0 |  82.0
       Dungeon | 100.0 | 100.0 |   N/A |   N/A | 100.0 |  82.0
               +-------+-------+-------+-------+-------+----------------------

Action                   |  1- 3 |  4- 6 || total
-------------------------+-------+-------++-------
Melee: War axe           |    88 |   182 ||   270
Throw: Stone             |       |    30 ||    30
       Dart              |       |     3 ||     3
  Use: Potion            |       |     4 ||     4
  Eat: Chunk             |     9 |     7 ||    16
Armor: Scale mail        |    37 |    92 ||   129
Dodge: Dodged            |    31 |    67 ||    98
Block: Kite shield       |    33 |    92 ||   125

Vanquished Creatures
  A worker ant (D:2)
  5 adders
  A shadow imp (D:3)
  An ooze (D:1)
  3 worms (D:2)
  2 dart slugs (D:1)
  A leopard gecko (D:1)
  6 orcs
  7 bats
  3 giant cockroaches
  6 goblins
  4 hobgoblins
  8 jackals
  8 kobolds
  2 quokkas (D:2)
  8 frilled lizards
  7 rats
73 creatures vanquished. You could see a crimson imp.

Levels and vault maps discovered:
D:1:      minmay_arrival_semitransparent, layout_basic
D:2:      layout_basic, lemuel_coloured_pillars_altar
D:3:      layout_basic, grunt_temple_overflow_champion_of_chaos
